 Dungeon Crawl Stone Soup version 0.22-a0-223-g0f5d773 (webtiles) character file.

260564 Amnesiac the Crack Shot (level 19, -2/177 HPs)
             Began as a Centaur Hunter on Feb 18, 2018.
             Was a High Priest of Okawaru.
             Slain by a spriggan defender
             ... wielding a +7 quick blade
              (23 damage)
             ... on level 4 of the Depths.
             The game lasted 01:46:14 (50208 turns).

Amnesiac the Crack Shot (Centaur Hunter)           Turns: 50208, Time: 01:46:15

Health: -2/177     AC: 29    Str: 29    XL:     19   Next: 89%
Magic:  0/28       EV: 19    Int: 10    God:    Okawaru [*****.]
Gold:   3576       SH:  0    Dex: 10    Spells: 18/18 levels left

rFire    + + .     SeeInvis .   a - +6 longbow (freeze)
rCold    + . .     Gourm    .   (shield currently unavailable)
rNeg     + . .     Faith    .   W - +5 leather armour "Ahusitat" {MR+ Str+3}
rPois    .         Spirit   +   V - +0 helmet "Reli" {+Inv rF+ Stlth+}
rElec    +         Reflect  .   R - scarf {rC+ rF+}
rCorr    .         Harm     .   L - +2 pair of gloves {Str+3}
MR       +++..                  X - +4 centaur barding of Death's Door {+Inv rF+}
Stlth    ++........             y - amulet of guardian spirit
HPRegen  0.39/turn              N - ring "Omus" {rElec rF- rN+ MR+ Stlth-}
MPRegen  0.21/turn              r - +3 ring of evasion

@: heroism, finesse, very quick
A: large, hooves 3, deformed body, speed 2, tough skin 3
a: Heroism, Finesse, Renounce Religion, Evoke Invisibility


You were on level 4 of the Depths.
You worshipped Okawaru.
Okawaru was extremely pleased with you.
You were not hungry.

You visited 5 branches of the dungeon, and saw 25 of its levels.
You also visited: Labyrinth and Ice Cave.

You collected 4070 gold pieces.
You spent 494 gold pieces at shops.

Inventory:

Hand Weapons
 a - a +6 longbow of freezing (weapon)
 b - a +5 lajatang of pain
Missiles
 d - 484 arrows (quivered)
Armour
 h - +0 gold dragon scales
 m - a +0 troll leather armour
 L - a +2 pair of gloves of strength (worn)
 Q - a +1 centaur barding of flying
 R - a scarf of resistance (worn)
 V - the +0 helmet "Reli" (worn) {+Inv rF+ Stlth+}
   (You found it in a labyrinth)

   It protects you from fire.
   It lets you turn invisible.
   It makes you more stealthy.
 W - the +5 leather armour "Ahusitat" (worn) {MR+ Str+3}
   (You took it off a deep elf sorcerer on level 3 of the Elven Halls)

   It affects your strength (+3).
   It affects your resistance to hostile enchantments.
 X - the +4 centaur barding of Death's Door (worn) {+Inv rF+}
   (Okawaru gifted it to you on level 14 of the Dungeon)

   It protects you from fire.
   It lets you turn invisible.
Jewellery
 i - an uncursed ring of poison resistance
 o - the amulet of Anuwic {Acrobat rPois Int+5, unknown}
   (You found it on level 3 of the Depths)

   [amulet of the acrobat]

   It helps you evade while moving and waiting.
   It affects your intelligence (+5).
   It protects you from poison.
 r - a +3 ring of evasion (right hand)
 u - an uncursed ring of wizardry
 v - an uncursed ring of see invisible {unknown}
 y - an amulet of guardian spirit (around neck)
 E - an uncursed ring of magical power
 N - the ring "Omus" (left hand) {rElec rF- rN+ MR+ Stlth-}
   (You took it off a deep elf death mage on level 3 of the Elven Halls)

   [ring of loudness]

   It makes you vulnerable to fire.
   It insulates you from electricity.
   It protects you from negative energy.
   It affects your resistance to hostile enchantments.
   It makes you less stealthy.
 P - the amulet of Xyekui {+Rage rPois rC+ rN+++ Int-3}
   (You found it on level 3 of the Depths)

   [amulet of rage]

   It affects your intelligence (-3).
   It protects you from cold.
   It protects you from poison.
   It renders you almost immune to negative energy.
   It lets you go berserk.
Wands
 p - a wand of digging (24)
 C - a wand of acid (2)
Scrolls
 j - 3 scrolls of teleportation {!r}
 l - 10 scrolls of remove curse {!r}
 n - a scroll of enchant armour {!r}
 q - a scroll of fear {!r}
 s - a scroll of vulnerability {!r}
 w - 2 scrolls of silence {!r}
 x - 3 scrolls of magic mapping {!r}
 G - 4 scrolls of fog {!r}
 H - 6 scrolls of amnesia {!r}
 O - a scroll of blinking {!r}
Potions
 c - a potion of berserk rage {!q}
 e - 6 potions of brilliance {!q}
 g - 2 potions of resistance {!q}
 k - 6 potions of cancellation {!q}
 t - 2 potions of might {!q}
 z - a potion of curing {!q}
 A - 8 potions of mutation {!q, unknown}
 B - 3 potions of lignification {!q}
 D - 4 potions of flight {!q}
 F - 3 potions of magic {!q}
 I - a potion of ambrosia {!q}
 J - 2 potions of haste {!q}
 T - a potion of heal wounds {!q}
Miscellaneous
 K - a fan of gales
 M - a lightning rod (4/4)
Comestibles
 f - 34 rations


   Skills:
 * Level 17.5(22.5) Fighting
 + Level 21.1(26.1) Bows
 * Level 13.7(18.7) Armour
 * Level 13.7(18.7) Dodging
 - Level 0.4(5.4) Stealth
 - Level 12.0 Invocations


You had 18 spell levels left.
You didn't know any spells.

Dungeon Overview and Level Annotations

Branches:
Dungeon (15/15)            Temple (1/1) D:4            Lair (0/6) D:11
    Orc (2/2) D:11            Elf (3/3) Orc:2        Vaults (0/5) D:13
 Depths (4/5) D:15

Altars:
Dithmenos
Elyvilon
Kikubaaqudgha
Nemelex Xobeh
Okawaru
Qazlal
Sif Muna
Uskayaw
Wu Jian
The Shining One

Shops:
D:9 ?   Orc:2 =?[?}}}(   Elf:1 }   Depths:1 *

Portals:
Hell: Depths:1 Depths:2 Depths:3 Depths:4
Abyss: Depths:4
Pandemonium: Depths:2 Depths:3 Depths:4
Ziggurat: Depths:1
Trove: D:12 (give 10 potions of heal wounds)

Annotations:
D:12 1 runed door


Innate Abilities, Weirdness & Mutations

You have hooves in place of feet.
Armour fits poorly on your strangely shaped body.
You cover ground very quickly.
You have extremely tough skin. (AC +3)


Message History

Press: ? - help, Shift-Dir - straight line, f/p - frost giant
Aim: a frost giant, wielding a battleaxe of freezing (almost dead)
You shoot an arrow.
The arrow barely misses the frost giant.
The spriggan defender hits you but does no damage.
The frost giant barely misses you.
Firing (i - inventory)
d - 491 arrows (quivered)
Press: ? - help, Shift-Dir - straight line, f/p - frost giant
Aim: a frost giant, wielding a battleaxe of freezing (almost dead)
You shoot an arrow. The arrow hits the frost giant.
You kill the frost giant!
Okawaru accepts your kill. The spriggan defender misses you.
The spriggan defender hits you with an enchanted quick blade!!
* * * LOW HITPOINT WARNING * * *
The spriggan defender closely misses you.
Evoke which item? (* to show all) (? for menu, Esc to quit)
Aiming: Dig
Press: ? - help, Shift-Dir - straight line The rock shatters into small pieces.
The spriggan defender hits you with an enchanted quick blade!
* * * LOW HITPOINT WARNING * * *
The spriggan defender hits you with an enchanted quick blade!
* * * LOW HITPOINT WARNING * * *
The spriggan defender misses you.
The spriggan defender completely misses you.
Firing (i - inventory)
d - 490 arrows (quivered)
Press: ? - help, Shift-Dir - straight line, f - spriggan defender
Aim: a spriggan defender, wielding an enchanted quick blade, wearing a robe and wearing a buckler (severely wounded)
You shoot an arrow. The spriggan defender blocks the arrow.
The spriggan defender hits you with an enchanted quick blade!!
* * * LOW HITPOINT WARNING * * *
Firing (i - inventory)
d - 489 arrows (quivered)
Press: ? - help, Shift-Dir - straight line, f/p - spriggan defender
Aim: a spriggan defender, wielding an enchanted quick blade, wearing a robe and wearing a buckler (severely wounded)
You shoot an arrow. The arrow hits the spriggan defender!!
The arrow freezes the spriggan defender!
The spriggan defender is almost dead.
Firing (i - inventory)
d - 488 arrows (quivered)
Press: ? - help, Shift-Dir - straight line, f/p - spriggan defender
Aim: a spriggan defender, wielding an enchanted quick blade, wearing a robe and wearing a buckler (almost dead)
You shoot an arrow. The spriggan defender blocks the arrow.
The spriggan defender hits you but does no damage.
Firing (i - inventory)
d - 487 arrows (quivered)
Press: ? - help, Shift-Dir - straight line, f/p - spriggan defender
Aim: a spriggan defender, wielding an enchanted quick blade, wearing a robe and wearing a buckler (almost dead)
You shoot an arrow.
The arrow barely misses the spriggan defender.
The spriggan defender closely misses you.
Really quaff
T - 2 potions of heal wounds {!q}?
You feel much better.
The spriggan defender hits you with an enchanted quick blade!
* * * LOW HITPOINT WARNING * * *
The spriggan defender hits you but does no damage.
Firing (i - inventory)
d - 486 arrows (quivered)
Press: ? - help, Shift-Dir - straight line, f/p - spriggan defender
Aim: a spriggan defender, wielding an enchanted quick blade, wearing a robe and wearing a buckler (almost dead)
You shoot an arrow. The spriggan defender blocks the arrow.
Firing (i - inventory)
d - 485 arrows (quivered)
Press: ? - help, Shift-Dir - straight line, f - spriggan defender, p - spriggan defender
Aim: a spriggan defender, wielding an enchanted quick blade, wearing an embroidered robe and wearing a buckler You shoot an arrow.
The spriggan defender blocks the arrow.
The spriggan defender hits you with an enchanted quick blade!!
You die...

##. .. ##..
...##. ##...
.(('.. ##....
#((.(#
##.....
##....)##
#......
.......(##
##.....
.(...()()####
##....
##..())..#@#
##...
####...ii##
##..
##.....## .#.
##(....## #.#
##.รท...## #.
##)[...## #
##.))..## #
##.))).## #
##)[...### #


You could see 2 spriggan defenders.

Vanquished Creatures
  Saint Roka (Depths:1)
  3 golden dragons
  A golden dragon (shapeshifter) (Depths:3)
  2 liches
  2 deep elf master archers (Elf:3)
  2 deep elf blademasters
  2 sphinxes (shapeshifter) (Depths:3)
  The ghost of Amnesiac the Ruinous, an adept DECj of Sif Muna (Depths:3)
  Kirke (D:14)
  3 tengu reavers (Depths:2)
  4 frost giants (Depths:4)
  3 fire giants
  3 deep elf sorcerers (Elf:3)
  An iron dragon (Depths:2)
  6 deep elf elementalists (Elf:3)
  3 war gargoyles (Depths:3)
  An entropy weaver (shapeshifter) (Depths:3)
  A stone giant (shapeshifter) (Depths:3)
  10 very ugly things
  9 stone giants
  8 deep elf annihilators
  5 deep elf demonologists
  3 spark wasps (Depths:2)
  Azrael (D:15)
  A minotaur (Lab)
  A spark wasp (shapeshifter) (Depths:3)
  3 blizzard demons (Depths:3)
  4 fire dragons (Depths:2)
  9 deep elf death magi
  6 ettins
  A fire dragon (shapeshifter) (Depths:3)
  Josephine (D:12)
  12 slime creatures
  13 crystal guardians (Depths:3)
  4 yaktaur captains
  2 great orbs of eyes
  2 deep elf high priests
  5 ice dragons
  2 rakshasas (Depths:2)
  A hydra (shapeshifter) (Depths:3)
  2 vault guards (D:13)
  4 spriggan air magi
  A hydra (D:11)
  2 ogre magi
  38 dancing weapons
  5 centaur warriors
  A two-headed ogre (shapeshifter) (Depths:3)
  7 deep troll shamans
  5 tengu warriors
  A small abomination (Elf:3)
  13 two-headed ogres
  3 vampire magi
  3 spriggan berserkers
  7 deep troll earth magi
  6 orc high priests
  15 deep elf knights
  4 skeletal warriors (D:12)
  4 iron trolls
  2 unseen horrors
  9 glowing orange brains
  A flayed ghost (Depths:2)
  14 deep trolls
  7 deep elf archers
  4 wizards
  A glowing orange brain (shapeshifter) (Depths:3)
  A shadow dragon zombie (Depths:2)
  4 obsidian statues (Depths:3)
  4 necromancers
  3 wolf spider zombies
  9 orc knights
  An orb spider (shapeshifter) (Depths:4)
  8 orc sorcerers
  46 deep elf magi
  34 ugly things
  2 manticores
  5 centaur zombies
  A fire giant skeleton (Depths:2)
  2 ice statues (IceCv)
  10 gargoyles
  A stone giant skeleton (Depths:2)
  3 molten gargoyles (Depths:3)
  A kobold demonologist (D:15)
  12 yaktaurs
  A yaktaur (shapeshifter) (Depths:2)
  A minotaur skeleton (Lab)
  A guardian mummy (D:12)
  12 trolls
  3 wind drakes (Depths:3)
  A slime creature (shapeshifter) (Depths:3)
  A hippogriff (shapeshifter) (Elf:2)
  5 hippogriffs
  A hornet (Depths:4)
  A redback (Lab)
  5 wraiths (D:11)
  A vampire (D:12)
  11 air elementals
  A centaur simulacrum (D:15)
  14 yaks
  A spriggan (Depths:4)
  9 water elementals
  A wyvern (shapeshifter) (Depths:4)
  6 hogs
  A wyvern (D:14)
  4 shadows
  20 humans
  11 fire elementals
  An elf zombie (Depths:2)
  4 hungry ghosts
  Menkaure (D:4)
  A spriggan simulacrum (Depths:2)
  7 wargs
  4 insubstantial wisps (Depths:3)
  Edmund (D:5)
  An acid dragon (D:11)
  A water moccasin (D:14)
  4 hell hounds (D:15)
  48 orc warriors
  A black bear (D:9)
  14 ice beasts
  6 sky beasts
  An ettin simulacrum (Depths:2)
  An ice beast (shapeshifter) (Depths:3)
  6 phantoms
  A centaur (shapeshifter) (Depths:3)
  2 necrophages
  4 boggarts (Depths:1)
  19 ogres
  7 centaurs
  3 big kobolds
  A crocodile (D:14)
  Blork the orc (D:5)
  A bullfrog (shapeshifter) (Depths:2)
  5 bullfrogs
  13 earth elementals
  3 gnoll sergeants
  3 scorpions
  13 killer bees
  13 wights
  2 electric eels (D:11)
  4 howler monkeys
  9 crimson imps
  2 jellies (D:8)
  44 orc priests
  4 centaur skeletons
  3 hounds
  A quasit (D:13)
  3 bullfrog skeletons
  An iron imp (Depths:2)
  Ijyb (D:5)
  7 iguanas
  24 orc wizards
  8 worker ants
  A hound zombie (D:8)
  2 worker ant zombies
  Robin (D:3)
  19 gnolls
  14 adders
  5 shadow imps
  A white imp (Depths:1)
  2 oozes (D:4)
  An adder skeleton (D:9)
  3 worms
  8 ball lightnings (Depths:3)
  3 dart slugs
  A leopard gecko (D:3)
  103 orcs
  A ball python (D:3)
  6 bats
  7 giant cockroaches
  19 goblins
  9 hobgoblins
  2 jackals (D:9)
  4 quokkas
  6 frilled lizards
  19 kobolds
  A quokka skeleton (D:7)
  8 rats
1111 creatures vanquished.

Vanquished Creatures (others)
  A deep elf mage (Elf:2)
  A human (D:14)
  An acid dragon (D:14)
  A sky beast (D:10)
  An earth elemental (Elf:1)
  3 ball lightnings (Depths:3)
  An orc (Orc:1)
9 creatures vanquished.

Grand Total: 1120 creatures vanquished

Notes
Turn   | Place    | Note
-------+----------+-------------------------------------------
     0 | D:1      | Amnesiac the Centaur Hunter began the quest for the Orb.
     0 | D:1      | Reached XP level 1. HP: 17/17 MP: 1/1
   219 | D:1      | Reached XP level 2. HP: 16/24 MP: 2/2
   630 | D:1      | Reached skill level 6 in Bows
   974 | D:2      | Reached XP level 3. HP: 13/30 MP: 3/3
  1104 | D:2      | Reached skill level 1 in Armour
  1483 | D:2      | Found a sparkling altar of Nemelex Xobeh.
  1794 | D:3      | Noticed Robin
  1801 | D:3      | Killed Robin
  1801 | D:3      | Reached XP level 4. HP: 31/37 MP: 4/4
  2226 | D:3      | Reached skill level 7 in Bows
  2255 | D:3      | Reached XP level 5. HP: 29/45 MP: 5/5
  2475 | D:4      | Noticed Menkaure
  3034 | D:4      | Reached skill level 8 in Bows
  3097 | D:4      | Killed Menkaure
  3097 | D:4      | Reached XP level 6. HP: 51/52 MP: 6/6
  3520 | D:4      | Found a glowing golden altar of the Shining One.
  3684 | D:4      | Found a staircase to the Ecumenical Temple.
  3900 | Temple   | Entered the Ecumenical Temple
  3916 | Temple   | Became a worshipper of Warmaster Okawaru
  3989 | D:5      | Entered Level 5 of the Dungeon
  4086 | D:5      | Reached skill level 9 in Bows
  4330 | D:5      | Noticed Edmund
  4380 | D:5      | Killed Edmund
  4380 | D:5      | Reached XP level 7. HP: 6/60 MP: 2/7
  4771 | D:5      | Reached * piety under Okawaru
  4792 | D:5      | Noticed Ijyb
  4828 | D:5      | Killed Ijyb
  4828 | D:5      | Reached skill level 10 in Bows
  4897 | D:5      | Noticed Blork the orc
  5198 | D:5      | Reached skill level 5 in Fighting
  6750 | D:5      | Killed Blork the orc
  7445 | D:6      | Reached skill level 11 in Bows
  7445 | D:6      | Reached XP level 8. HP: 37/69 MP: 5/8
  8222 | D:7      | Noticed a hippogriff
  8260 | D:7      | Killed a hippogriff
  8260 | D:7      | Reached ** piety under Okawaru
  8260 | D:7      | Reached skill level 12 in Bows
  8878 | D:7      | Reached XP level 9. HP: 66/78 MP: 7/9
  9058 | D:7      | Reached skill level 13 in Bows
  9567 | D:8      | Reached *** piety under Okawaru
  9578 | D:8      | Noticed a hand axe
  9578 | D:8      | Noticed a dagger
  9581 | D:8      | Found a hide-covered altar of Uskayaw.
  9759 | D:8      | Reached skill level 14 in Bows
 10003 | D:8      | Reached skill level 1 in Invocations
 10169 | D:8      | Received a gift from Okawaru
 10197 | D:8      | Reached skill level 5 in Invocations
 10495 | D:9      | Noticed a two-headed ogre
 10528 | D:9      | Killed a two-headed ogre
 10528 | D:9      | Reached **** piety under Okawaru
 10528 | D:9      | Reached XP level 10. HP: 88/88 MP: 13/15
 11061 | D:9      | Found Kok Elui's Magic Scroll Boutique.
 11088 | D:9      | Bought a scroll of summoning for 133 gold pieces
 11088 | D:9      | Bought a scroll of identify for 28 gold pieces
 11562 | D:9      | Received a gift from Okawaru
 12074 | D:9      | Reached ***** piety under Okawaru
 12834 | D:8      | Killed a dagger
 12834 | D:8      | Killed a hand axe
 12834 | D:8      | Received a gift from Okawaru
 12871 | D:10     | Entered Level 10 of the Dungeon
 12873 | D:10     | Noticed a two-headed ogre
 12880 | D:9      | Reached XP level 11. HP: 82/93 MP: 14/17
 12905 | D:10     | Found an iron altar of Okawaru.
 12908 | D:10     | Noticed a two-headed ogre
 12958 | D:9      | Killed a two-headed ogre
 12958 | D:9      | Received a gift from Okawaru
 13177 | D:10     | Noticed a purple ugly thing
 13186 | D:10     | Killed a purple ugly thing
 13204 | D:9      | Killed a two-headed ogre
 13204 | D:9      | Received a gift from Okawaru
 13204 | D:9      | Reached skill level 5 in Armour
 13204 | D:9      | Reached skill level 5 in Dodging
 13205 | D:9      | Got a scorched great sword {god gift}
 13212 | D:9      | Identified the +5 great sword "Epuoseell" {protect, *Corrode rElec Str+3} (Okawaru gifted it to you on level 9 of the Dungeon)
 13973 | D:10     | Noticed a two-headed ogre
 14008 | D:9      | Killed a two-headed ogre
 14091 | D:10     | Reached skill level 15 in Bows
 14544 | D:11     | Received a gift from Okawaru
 14757 | D:11     | Reached skill level 16 in Bows
 14896 | D:11     | Noticed Josephine
 15050 | D:11     | Noticed an eight-headed hydra
 15102 | D:11     | Found a labyrinth entrance.
 15111 | Lab      | Entered a labyrinth
 15641 | Lab      | Found an exit through the horrors of the Abyss.
 15695 | Lab      | Noticed a minotaur
 15709 | Lab      | Killed a minotaur
 15709 | Lab      | Reached ****** piety under Okawaru
 15709 | Lab      | Received a gift from Okawaru
 15709 | Lab      | Reached skill level 17 in Bows
 15783 | Lab      | Got an ichor-stained helmet
 15783 | Lab      | Got a faintly glowing great sword
 15796 | Lab      | Identified the cursed +0 helmet "Reli" {+Inv rF+ Stlth+} (You found it in a labyrinth)
 15978 | D:11     | Found a staircase to the Lair.
 16032 | D:11     | Reached XP level 12. HP: 77/100 MP: 11/18
 16269 | D:11     | Killed an eight-headed hydra
 16269 | D:11     | Received a gift from Okawaru
 16272 | D:11     | Got a shimmering glaive {god gift}
 16273 | D:11     | Identified the +1 glaive of the Moon {antimagic, rC+} (Okawaru gifted it to you on level 11 of the Dungeon)
 16274 | D:11     | Identified the +3 great sword "Ysihudgh" {flame, rC+ rN+} (You found it in a labyrinth)
 16626 | D:11     | Found a staircase to the Orcish Mines.
 16647 | Orc:1    | Entered Level 1 of the Orcish Mines
 16915 | D:11     | Reached skill level 18 in Bows
 17259 | D:11     | Found a staircase to the Lair.
 17952 | D:12     | Killed Josephine
 18341 | D:12     | Received a gift from Okawaru
 18341 | D:12     | Reached skill level 19 in Bows
 18527 | D:12     | Received a gift from Okawaru
 19394 | D:12     | Reached skill level 20 in Bows
 19588 | D:12     | Found a portal to a secret trove of treasure.
 19936 | D:12     | Found a runed door.
 20381 | D:13     | Found an ancient bone altar of Kikubaaqudgha.
 20526 | D:13     | Reached XP level 13. HP: 78/107 MP: 19/19
 21312 | D:13     | Found a gate to the Vaults.
 21625 | D:14     | Found a shadowy altar of Dithmenos.
 21679 | D:14     | Got an iridescent trident
 21729 | D:14     | Identified the +10 trident "Cuesuore" {protect, +Rage rPois Str+7 Dex-3} (You found it on level 14 of the Dungeon)
 21860 | D:14     | Received a gift from Okawaru
 21872 | D:14     | Got a jewelled centaur barding {god gift}
 21883 | D:14     | Identified the +4 centaur barding of Death's Door {+Inv rF+} (Okawaru gifted it to you on level 14 of the Dungeon)
 22418 | D:14     | Noticed Kirke
 22627 | D:14     | Killed Kirke
 22963 | D:14     | Found an ancient bone altar of Kikubaaqudgha.
 23314 | D:15     | Entered Level 15 of the Dungeon
 23437 | D:14     | Reached skill level 10 in Invocations
 24413 | D:15     | Noticed Azrael
 24441 | D:15     | Reached skill level 10 in Fighting
 24484 | D:15     | Killed Azrael
 24484 | D:15     | Reached XP level 14. HP: 98/120 MP: 21/21
 24927 | D:15     | Received a gift from Okawaru
 25796 | D:15     | Received a gift from Okawaru
 25902 | D:15     | Found a staircase to the Depths.
 26774 | Orc:2    | Entered Level 2 of the Orcish Mines
 26774 | Orc:2    | Found a frozen archway.
 26802 | IceCv    | Entered an ice cave
 26817 | IceCv    | Found a transporter.
 26828 | IceCv    | Received a gift from Okawaru
 27345 | IceCv    | Got a creamy pearl robe
 27356 | IceCv    | Identified the +0 robe of True Grit {Dex+5} (You found it in an ice cave)
 27440 | Orc:2    | Found Dosol's Antique Weapon Shoppe.
 28539 | Orc:2    | Paralysed by an orc sorcerer for 2 turns
 28550 | Orc:2    | Paralysed by an orc sorcerer for 3 turns
 29165 | Orc:2    | Found Iluggawk's Gadget Boutique.
 29240 | Orc:2    | Paralysed by an orc sorcerer for 7 turns
 29475 | Orc:2    | Found Diceitroto's Gadget Emporium.
 29518 | Orc:2    | Found Jekkuogg's Jewellery Shop.
 29525 | Orc:2    | Found a staircase to the Elven Halls.
 30560 | Orc:2    | Received a gift from Okawaru
 30658 | Orc:2    | Reached XP level 15. HP: 129/129 MP: 23/23
 30836 | Orc:2    | Found Gin Duyp's Magic Scroll Boutique.
 30836 | Orc:2    | Found Hirgh's Gadget Boutique.
 30838 | Orc:2    | Found Letwuj's Armour Boutique.
 30838 | Orc:2    | Found Muilila's Magic Scroll Shop.
 30845 | Orc:2    | Bought a scroll of noise for 11 gold pieces
 31086 | Elf:1    | Entered Level 1 of the Elven Halls
 31097 | Elf:1    | Noticed an Executioner
 31455 | Elf:1    | Received a gift from Okawaru
 31604 | Elf:1    | Received a gift from Okawaru
 31717 | Elf:1    | Received a gift from Okawaru
 31752 | Elf:1    | Got a brightly glowing robe
 32020 | Elf:1    | Identified the +2 robe "Ulu Lieh" {Int-5 Dex+7 Slay-5} (You found it on level 1 of the Elven Halls)
 32444 | Elf:1    | Found Baefyb Yluurr's Gadget Shop.
 32543 | Elf:1    | HP: 9/196 [poisoned by a deep elf knight]
 32548 | Elf:1    | HP: 5/196 [poisoned by a deep elf knight]
 32554 | Elf:1    | HP: 4/196 [poisoned by a deep elf knight]
 32560 | Elf:1    | HP: 3/196 [poisoned by a deep elf knight]
 32562 | Elf:1    | HP: 1/131 [poisoned by a deep elf knight]
 32569 | Elf:1    | HP: 1/131 [poisoned by a deep elf knight]
 32577 | Elf:1    | HP: 2/131 [poisoned by a deep elf knight]
 33096 | Elf:1    | Received a gift from Okawaru
 33580 | Elf:2    | Got a polished buckler
 35341 | Elf:2    | Found a runed gate.
 35343 | Elf:2    | Found a runed gate.
 35343 | Elf:2    | Found a runed gate.
 35506 | Elf:3    | Entered Level 3 of the Elven Halls
 35986 | Elf:3    | Noticed a deep elf sorcerer
 36762 | Elf:3    | Killed a deep elf sorcerer
 36762 | Elf:3    | Received a gift from Okawaru
 36824 | Elf:3    | Reached XP level 16. HP: 105/141 MP: 23/25
 37064 | Elf:3    | Received a gift from Okawaru
 37069 | Elf:3    | Got a clouded wooden ring
 37113 | Elf:3    | Noticed a deep elf blademaster
 37152 | Elf:3    | Killed a deep elf blademaster
 37152 | Elf:3    | Reached skill level 10 in Dodging
 37161 | Elf:3    | Identified the ring "Omus" {rElec rF- rN+ MR+ Stlth-} (You took it off a deep elf death mage on level 3 of the Elven Halls)
 37367 | Elf:3    | Noticed a deep elf master archer
 37367 | Elf:3    | Noticed a deep elf blademaster
 37368 | Elf:3    | Noticed a deep elf master archer
 37605 | Elf:3    | Reached skill level 10 in Armour
 37871 | Elf:3    | Killed a deep elf master archer
 37871 | Elf:3    | Received a gift from Okawaru
 38061 | Elf:3    | Killed a deep elf master archer
 38061 | Elf:3    | Received a gift from Okawaru
 38918 | Elf:3    | Got a heavily runed leather armour
 38929 | Elf:3    | Identified the +5 leather armour "Ahusitat" {MR+ Str+3} (You took it off a deep elf sorcerer on level 3 of the Elven Halls)
 39003 | Elf:3    | Identified the Incunabulum of the Mutagenic Glacier
 39553 | Elf:3    | Got an ancient hunting sling
 39554 | Elf:3    | Identified the +2 hunting sling "Serpheun" {venom, MR+ Dex+3} (You found it on level 3 of the Elven Halls)
 39560 | Elf:3    | Got a slimy shortbow
 39568 | Elf:3    | Identified the +9 shortbow of Geel {venom, +Blink MR+ Str+4 Dex-4} (You found it on level 3 of the Elven Halls)
 39955 | Elf:2    | Killed a deep elf blademaster
 40131 | Elf:2    | Received a gift from Okawaru
 41149 | Depths:1 | Entered Level 1 of the Depths
 41165 | Depths:1 | Reached XP level 17. HP: 154/154 MP: 18/26
 41187 | Depths:1 | Received a gift from Okawaru
 41498 | Depths:1 | Found a gateway to a ziggurat.
 41666 | Depths:1 | Found a gateway to Hell.
 41732 | Depths:1 | Found Cygamn's General Store.
 41735 | Depths:1 | Bought a scroll of enchant weapon for 127 gold pieces
 41735 | Depths:1 | Bought a +1 pair of gloves for 195 gold pieces
 41792 | Depths:1 | Noticed Saint Roka
 41827 | Depths:1 | Killed Saint Roka
 41827 | Depths:1 | Received a gift from Okawaru
 42032 | Depths:1 | Noticed a caustic shrike
 42414 | Depths:2 | Received a gift from Okawaru
 42465 | Depths:2 | Noticed a golden dragon
 42472 | Depths:2 | Noticed a golden dragon
 42481 | Depths:2 | Killed a golden dragon
 42481 | Depths:2 | Reached skill level 15 in Fighting
 42484 | Depths:2 | Noticed a lich
 42499 | Depths:2 | Killed a golden dragon
 43174 | Depths:2 | Found a one-way gate leading to the halls of Pandemonium.
 43427 | Depths:2 | Killed a lich
 43825 | Depths:2 | Reached XP level 18. HP: 114/165 MP: 22/27
 44272 | Depths:2 | Received a gift from Okawaru
 44544 | Depths:2 | Received a gift from Okawaru
 44789 | Depths:2 | Received a gift from Okawaru
 44847 | Depths:2 | Got a transparent flail {crush}
 44848 | Depths:2 | Identified the +7 flail of Crusades {crush, MR+ Int+4 Dex+4} (You took it off a tengu reaver on level 2 of the Depths)
 45080 | Depths:2 | Received a gift from Okawaru
 46151 | Depths:3 | Noticed a golden dragon
 46155 | Depths:3 | a golden dragon changed into an iron dragon
 46164 | Depths:3 | Noticed a golden dragon
 46164 | Depths:3 | an iron dragon changed into a golden dragon
 46172 | Depths:3 | Killed a golden dragon
 46341 | Depths:3 | Noticed Amnesiac's ghost (adept DECj)
 46441 | Depths:3 | Received a gift from Okawaru
 46663 | Depths:3 | Reached XP level 19. HP: 141/174 MP: 23/28
 47381 | Depths:3 | Received a gift from Okawaru
 47503 | Depths:3 | Received a gift from Okawaru
 47665 | Depths:3 | Got a transparent bronze amulet
 47753 | Depths:3 | Got a slimy graven amulet
 47839 | Depths:3 | Got a warped plate armour
 47989 | Depths:3 | Killed Amnesiac's ghost
 48540 | Depths:3 | Identified the +0 plate armour of Moipetit {rN++ MR- Dex+10 Stlth+} (You found it on level 3 of the Depths)
 48562 | Depths:4 | Identified a paperback manual
 48570 | Depths:4 | Identified the amulet of Xyekui {+Rage rPois rC+ rN+++ Int-3} (You found it on level 3 of the Depths)
 48748 | Depths:4 | Received a gift from Okawaru
 48752 | Depths:4 | Noticed a golden dragon
 48759 | Depths:4 | Killed a golden dragon
 49084 | Depths:4 | Found a one-way gate to the infinite horrors of the Abyss.
 49317 | Depths:4 | Received a gift from Okawaru
 49317 | Depths:4 | Reached skill level 21 in Bows
 49942 | Depths:4 | Noticed a lich
 49951 | Depths:4 | Killed a lich
 50153 | Depths:4 | Received a gift from Okawaru
 50208 | Depths:4 | Slain by a spriggan defender

Vault maps used:
D:1:      grunt_arrival_lava_bath, minmay_tree_intersection
D:2:      nemelex_xobeh_ov_fountains_minmay
D:3:      minmay_goblin_outpost, uniq_robin
D:4:      lemuel_temple_firewalk_b, serial_co_window_serial, co_window_corner_a,
          co_window_paths_a, co_window_corner_a, co_window_of_opportunity_a,
          co_window_corner_a, co_window_of_opportunity_a, co_window_cross_1,
          co_window_paths_a, co_window_paths_a, co_window_broadway_c,
          co_window_corner_b, co_window_of_opportunity_b, co_window_corner_b,
          co_window_paths_c, nicolae_tso_swordbearing_angel, uniq_menkaure
D:5:      first_ration, uniq_ijyb, uniq_edmund, uniq_blork_the_orc
D:6:      minmay_misc_feat_room
D:7:      minmay_blocky_corners
D:8:      dancing_weapons_uskayaw, grunt_livestock
D:9:      serial_shops, shop
D:10:     okawaru_ov_weapons_minmay
D:11:     erik_orc_2, lab_entry_generic, uniq_josephine
D:12:     cheibrodos_shockbox, nicolae_trove_entry_path_of_doom
D:13:     grunt_vaults_entry_tiered, basic_altar
D:14:     grunt_dithmenos_shadows, basic_altar, st_stairs_7, uniq_kirke
D:15:     grunt_enter_depths_magical_seal, minmay_misc_feat_enclosed,
          spider_trap, uniq_azrael
Temple:   regret_index_temple_sigil_plot
Orc:2:    st_orc_pillars, serial_shops, shop, shop_fountains, shop,
          nicolae_shop_stone, portal_ice_cave_entry_ice_beasts
Elf:1:    minmay_elf_arrival_circle, serial_shops, shop,
          kennysheep_underground_church
Elf:3:    elf_hall, serial_glass, glass_columns_a, glass_columns_c
Depths:1: enter_ziggurat_d, hangedman_coc_ice_floe, grunt_decor_cap,
          serial_shops, nicolae_shop_behind_doors, spider_trap,
          hangedman_abyss_or_decor_stagger, hangedman_decor_lopped,
          minivault_12, uniq_saint_roka
Depths:2: minmay_the_grid_net, kennysheep_pointless_box,
          grunt_hell_entry_dis_mu, pan_entry
Depths:3: radiant_caverns_b_rkd, hell_entry, pan_entry
Depths:4: grunt_twisty_corner, pan_entry, serial_glass, glass_columns_c,
          glass_columns_b, glass_columns_b, glass_columns_c, hell_entry,
          abyss_entry, grunt_decor_resistance
Lab:      nicolae_lab_checkerboard, lab_hedge, labyrinth_fake_exit, lab_statue,
          nicolae_lab_t_cross, nicolae_lab_swirl, nicolae_lab_arrow,
          labyrinth_skeletal_remains
IceCv:    ice_cave_statue_garden_teleport

Skill      XL: |  1  2  3  4  5  6  7  8  9 10 11 12 13 14 15 16 17 18 19 |
---------------+----------------------------------------------------------+-----
Bows           | 6 7 8 9 11 12 14 17 20 21 | 21.1
Armour         | 1 4 5 7 8 9 11 12 13 | 13.7
Fighting       | 3 4 5 6 7 8 10 11 12 14 15 16 17 | 17.5
Invocations    | 7 8 10 11 12 | 12.0
Dodging        | 4 5 7 8 9 11 12 13 | 13.7
Stealth        | |  0.4

Action                   |  1- 3 |  4- 6 |  7- 9 | 10-12 | 13-15 | 16-18 | 19-21 || total
-------------------------+-------+-------+-------+-------+-------+-------+-------++-------
Melee: Short sword       |   116 |   142 |   117 |       |       |       |       ||   375
       Kick              |    18 |    41 |    75 |    42 |     6 |       |     9 ||   191
       Trident           |       |       |   266 |   259 |    29 |       |       ||   554
       Lajatang          |       |       |       |       |       |       |    55 ||    55
 Fire: Shortbow          |     1 |     6 |    39 |  1116 |  2312 |   347 |       ||  3821
       Hunting sling     |       |     9 |       |       |       |       |       ||     9
       Longbow           |       |       |       |       |   464 |  1213 |   583 ||  2260
Throw: Throwing net      |       |       |       |       |     1 |       |       ||     1
Invok: Finesse           |       |       |       |     2 |    14 |    15 |     7 ||    38
       Heroism           |       |       |       |     1 |     7 |    14 |     5 ||    27
 Abil: Evoke Berserk Rag |       |       |       |       |     2 |       |       ||     2
       Evoke Invisibilit |       |       |       |       |     1 |       |       ||     1
Evoke: Wand              |       |       |     1 |     6 |     3 |     1 |     1 ||    12
       Lightning rod     |       |       |       |     4 |     3 |     4 |       ||    11
       Fan of gales      |       |       |       |       |       |       |     1 ||     1
  Use: Scroll            |       |       |    13 |     8 |     6 |    25 |     3 ||    55
       Potion            |       |       |       |     2 |     7 |     1 |     7 ||    17
 Stab: Paralysed         |       |       |     6 |       |       |       |       ||     6
       Held in net/web   |       |       |       |       |     1 |       |       ||     1
  Eat: Chunk             |     1 |     7 |    11 |    20 |    26 |    11 |     3 ||    79
       Ration            |       |       |     4 |     3 |     4 |     4 |     2 ||    17
Armor: Leather armour    |    50 |    44 |   141 |   220 |   179 |   138 |    75 ||   847
       Chain mail        |       |       |       |       |   245 |    68 |       ||   313
       Robe              |       |       |       |       |    45 |       |       ||    45
       Scale mail        |       |       |       |       |    12 |       |       ||    12
       Skin              |       |       |       |       |    16 |       |       ||    16
Dodge: Dodged            |    69 |    50 |   148 |   305 |   388 |   181 |   109 ||  1250

Table legend:
 A = Spawn XP
 B = Non-spawn XP
 C = Spawn XP percentage of total XP
 D = Spawn monster count
 E = Non-spawn monster count
 F = Spawn count percentage of total count
 G = Total turns spent on level
                    A         B        C        D         E        F      G
               +---------+---------+-------+---------+---------+-------+---------
         Total |       0 |  463911 |   0.0 |       0 |    1114 |   0.0 | 50208
               +---------+---------+-------+---------+---------+-------+---------
           D:1 |       0 |      26 |   0.0 |       0 |      15 |   0.0 |   898
           D:2 |       0 |      41 |   0.0 |       0 |      16 |   0.0 |   798
           D:3 |       0 |     132 |   0.0 |       0 |      41 |   0.0 |   754
           D:4 |       0 |     386 |   0.0 |       0 |      11 |   0.0 |  1695
           D:5 |       0 |     577 |   0.0 |       0 |      15 |   0.0 |  2995
           D:6 |       0 |     965 |   0.0 |       0 |      13 |   0.0 |  1394
           D:7 |       0 |    1186 |   0.0 |       0 |      19 |   0.0 |  1091
           D:8 |       0 |    3940 |   0.0 |       0 |      39 |   0.0 |  1154
           D:9 |       0 |    6711 |   0.0 |       0 |      53 |   0.0 |  2907
          D:10 |       0 |    3285 |   0.0 |       0 |      32 |   0.0 |   775
          D:11 |       0 |    6331 |   0.0 |       0 |      49 |   0.0 |  2707
          D:12 |       0 |    9596 |   0.0 |       0 |      61 |   0.0 |  2656
          D:13 |       0 |   11633 |   0.0 |       0 |      42 |   0.0 |  1311
          D:14 |       0 |   15356 |   0.0 |       0 |      38 |   0.0 |  2403
          D:15 |       0 |   14785 |   0.0 |       0 |      39 |   0.0 |  2100
         Orc:1 |       0 |    8479 |   0.0 |       0 |      64 |   0.0 |  2017
         Orc:2 |       0 |   14542 |   0.0 |       0 |      99 |   0.0 |  2311
         Elf:1 |       0 |   24080 |   0.0 |       0 |      37 |   0.0 |  2480
         Elf:2 |       0 |   39584 |   0.0 |       0 |      53 |   0.0 |  3789
         Elf:3 |       0 |   46456 |   0.0 |       0 |      38 |   0.0 |  3527
      Depths:1 |       0 |   30219 |   0.0 |       0 |      51 |   0.0 |  1824
      Depths:2 |       0 |   94289 |   0.0 |       0 |     100 |   0.0 |  2891
      Depths:3 |       0 |   76653 |   0.0 |       0 |     119 |   0.0 |  2698
      Depths:4 |       0 |   48745 |   0.0 |       0 |      52 |   0.0 |  1646
           Lab |       0 |    3199 |   0.0 |       0 |       8 |   0.0 |   735
         IceCv |       0 |    2715 |   0.0 |       0 |      10 |   0.0 |   624
               +---------+---------+-------+---------+---------+-------+---------
